 Dungeon Crawl Stone Soup version 0.28-b1-25-g9875b3fc8c (webtiles) character file.

Game seed: 8452627135737892723

375 crazypyro the Cudgeller (level 6, -4/56 HPs)
             Began as a Minotaur Fighter on Feb 2, 2022.
             Slain by an ogre (22 damage)
             ... on level 4 of the Dungeon.
             The game lasted 00:03:33 (3490 turns).

crazypyro the Cudgeller (Minotaur Fighter)          Turns: 3490, Time: 00:03:34

Health: -4/56      AC: 10    Str: 23    XL:     6   Next: 44%
Magic:  5/5        EV:  7    Int:  5    God:
Gold:   144        SH:  7    Dex: 12    Spells: 5/5 levels left

rFire   . . .      SeeInvis .   e - +1 war axe of Dung {venom, rElec rPois Dex+3}
rCold   . . .      Faith    .   l - +2 buckler
rNeg    . . .      Spirit   .   h - +1 chain mail
rPois   +          Reflect  .   (helmet restricted)
rElec   +          Harm     .   (no cloak)
rCorr   .          Rampage  .   (no gloves)
Will    .....                   (no boots)
Stlth   ..........              (no amulet)
HPRegen 0.18/turn               n - ring of poison resistance
MPRegen 0.09/turn               (no ring)

@: no status effects
A: horns 2, retaliatory headbutt
a: no special abilities


You were on level 4 of the Dungeon.
You visited 1 branch of the dungeon, and saw 4 of its levels.

You collected 144 gold pieces.

Inventory:

Hand Weapons
 a - a +0 flail
 e - the +1 war axe of Dung (weapon) {venom, rElec rPois Dex+3}
   (You found it on level 3 of the Dungeon)

   It poisons the flesh of those it strikes.
   Dex:       It affects your dexterity (+3).
   rElec:     It insulates you from electricity.
   rPois:     It protects you from poison.
Armour
 b - a +0 scale mail
 c - a +0 buckler
 h - a +1 chain mail (worn)
 l - a +2 buckler (worn)
Jewellery
 j - an amulet of magic regeneration
 n - a ring of poison resistance (left hand)
Scrolls
 f - 2 scrolls of blinking
 g - 3 scrolls of identify
 i - a scroll of fog {unknown}
 k - a scroll of amnesia {unknown}
 m - a scroll of vulnerability {unknown}
Potions
 d - a potion of magic
 o - a potion of lignification {unknown}


   Skills:
 - Level 5.1 Fighting
 - Level 0.1(3.3) Axes
 * Level 5.5 Maces & Flails
 - Level 5.0 Armour
 + Level 0.0 Dodging
 - Level 5.1 Shields


You had 5 spell levels left.
You didn't know any spells.
Your spell library contained the following spells:

 Spells                   Type           Power      Damage    Failure   Level
 Summon Small Mammal      Summ           0%         N/A       99%         1
 Call Canine Familiar     Summ           0%         N/A       100%        3
 Summon Guardian Golem    Hex/Summ       0%         N/A       100%        3


Dungeon Overview and Level Annotations

Branches:
Dungeon (4/15)
 Temple: D:4-7

Altars:
Xom

Shops:
D:4 !(


Innate Abilities, Weirdness & Mutations

You have a pair of horns on your head.
You reflexively headbutt those who attack you in melee.


Message History

The hobgoblin hits you but does no damage.
You slash the hobgoblin!
You kill the hobgoblin!
No target in view!
No target in view!
Found 35 arrows.
Found 3 poisoned darts.
Found an escape hatch in the floor.
No target in view!
No target in view!
o - a bubbling pink potion
Found a stone staircase leading down.
A quokka comes into view.
The quokka bites you.
You hit the quokka.
The quokka is poisoned.
The quokka is moderately wounded.
The quokka bites you but does no damage. x2
You barely miss the quokka.
The quokka is heavily wounded.
You block the quokka's attack.
You hit the quokka but do no damage.
The quokka looks as sick as possible!
You headbutt the quokka.
You kill the quokka!
An ogre comes into view. It is wielding a +0 giant club.
Found Wonuipam's Weapon Shoppe.
The ogre shouts!
An ogre is nearby!
You slash the ogre!
The ogre looks as sick as possible!
You headbutt the ogre, but do no damage.
The ogre is heavily wounded.
The ogre hits you with a +0 giant club!
You hit the ogre.
The ogre looks as sick as possible!
You headbutt the ogre, but do no damage.
The ogre is almost dead.
The ogre hits you with a +0 giant club!!
You block the ogre's attack.
You barely miss the ogre.
The ogre is almost dead.
The ogre hits you with a +0 giant club!!
You die...

#.#######
#.#
##########.#
#.....†....#
#.#######..#
#..######.
#.........
##.#######
#@# #O# #.#
#.# #∩# ..#
.## .


You could see an ogre (extremely poisoned).

Vanquished Creatures
  Sigmund (D:2)
  An ogre (D:4)
  An orc priest (D:3)
  Terence (D:2)
  2 adders (D:3)
  An ufetubus (D:4)
  An adder skeleton (D:4)
  A dart slug (D:4)
  4 orcs (D:3)
  4 bats
  5 endoplasms
  5 goblins
  11 hobgoblins
  4 quokkas
  7 ball pythons
  2 frilled lizards
  4 kobolds
  6 rats
61 creatures vanquished.

Notes
Turn   | Place    | Note
-------+----------+-------------------------------------------
     0 | D:1      | crazypyro the Minotaur Fighter began the quest for the Orb.
     0 | D:1      | Reached XP level 1. HP: 19/19 MP: 0/0
   322 | D:1      | Reached XP level 2. HP: 27/27 MP: 1/1
  1172 | D:2      | Reached XP level 3. HP: 33/33 MP: 2/2
  1263 | D:2      | Noticed Terence
  1274 | D:2      | Killed Terence
  1474 | D:2      | Noticed Sigmund
  1505 | D:2      | Killed Sigmund
  1506 | D:2      | Reached XP level 4. HP: 4/41 MP: 3/3
  1506 | D:2      | Reached XP level 5. HP: 5/47 MP: 4/4
  2555 | D:3      | Identified the +1 war axe of Dung {venom, rElec rPois
                  | Dex+3}
  2745 | D:3      | Reached skill level 5 in Maces & Flails
  2918 | D:3      | Found a shimmering altar of Xom.
  2965 | D:3      | Found a faded altar of an unknown god.
  2970 | D:3      | Reached XP level 6. HP: 55/55 MP: 5/5
  3203 | D:4      | Found Jiudyv's Distillery.
  3277 | D:4      | Reached skill level 5 in Fighting
  3277 | D:4      | Reached skill level 5 in Armour
  3277 | D:4      | Reached skill level 5 in Shields
  3484 | D:4      | Found Wonuipam's Weapon Shoppe.
  3490 | D:4      | Slain by an ogre

Illustrated notes

Levels and vault maps discovered:
D:1:      minmay_arrival_stone_box, layout_basic, nrook_uturn,
          amcnicky_mini_corridor_feature
D:2:      layout_loops_corners, minmay_misc_feat_cross,
          minmay_misc_feat_diagonals, minmay_puff, uniq_sigmund, uniq_terence
D:3:      layout_rooms, overflow_temple_1_default,
          ebering_ecumenical_altar_sacrificial
D:4:      layout_loops_ring, mainiacjoe_overflow_alcove_1, serial_shops, shop,
          nicolae_shop_stone, uniq_crazy_yiuf_cottage

Skill      XL: |  1  2  3  4  5  6 |
---------------+-------------------+-----
Maces & Flails | 3 4 5 |  5.5
Armour         | 4 5 |  5.0
Shields        | 4 5 |  5.1
Fighting       | 4 5 |  5.1
Axes           | |  0.1

Action                   |  1- 3 |  4- 6 || total
-------------------------+-------+-------++-------
Melee: Flail             |    72 |    17 ||    89
       Headbutt          |     9 |    12 ||    21
       War axe           |       |    40 ||    40
  Use: Potion            |     1 |       ||     1
       Scroll            |       |     4 ||     4
Armor: Scale mail        |    18 |       ||    18
       Chain mail        |     5 |    24 ||    29
Dodge: Dodged            |    29 |    16 ||    45
Block: Buckler           |    15 |     7 ||    22
